 Dungeon Crawl Stone Soup version 0.23.2-1-ga50397a (webtiles) character file.

Game seed: 3022321820856585144

64 troglodite the Sneak (level 4, -5/30 HPs)
             Began as an Octopode Assassin on May 13, 2019.
             Slain by a sky beast (6 damage)
             ... on level 2 of the Dungeon.
             The game lasted 00:03:52 (1852 turns).

troglodite the Sneak (Octopode Assassin)            Turns: 1852, Time: 00:03:53

Health: -5/30      AC:  1    Str: 10    XL:     4   Next: 12%
Magic:  5/5        EV: 13    Int: 13    God:
Gold:   70         SH:  0    Dex: 14    Spells: 5/5 levels left

rFire    . . .     SeeInvis .   a - +2 dagger
rCold    . . .     Gourm    .   (no shield)
rNeg     . . .     Faith    .   (helmet restricted)
rPois    .         Spirit   .   (no amulet)
rElec    .         Reflect  .   (no ring)
rCorr    .         Harm     .   (no ring)
MR       .....                  (no ring)
Stlth    ++++......             (no ring)
HPRegen  0.10/turn              (no ring)
MPRegen  0.09/turn              (no ring)
                                (no ring)
                                (no ring)

@: no status effects
A: almost no armour, stealthy swim, amphibious, 8 rings, constrict 8, camouflage
1, gelatinous body 1
a: no special abilities


You were on level 2 of the Dungeon.
You were not hungry.

You visited 1 branch of the dungeon, and saw 2 of its levels.

You collected 70 gold pieces.

Inventory:

Hand Weapons
 a - a +2 dagger (weapon)
 b - a +0 blowgun
Missiles
 c - 8 poisoned needles
 d - 2 curare-tipped needles
 g - 5 poisoned tomahawks (quivered)
 k - 4 tomahawks
Scrolls
 i - a scroll of amnesia {unknown}
 j - a scroll of fear {unknown}
Potions
 e - a potion of cancellation {unknown}
 h - a potion of heal wounds {unknown}
 l - a potion of degeneration {unknown}
Comestibles
 f - 2 rations


   Skills:
 * Level 2.4 Fighting
 + Level 2.1 Short Blades
 + Level 2.1 Throwing
 * Level 1.1 Dodging
 * Level 6.7 Stealth
 * Level 1.0 Spellcasting


You had 5 spell levels left.
You didn't know any spells.
Your spell library was empty.

Dungeon Overview and Level Annotations

Branches:
Dungeon (2/15)

Altars:


Innate Abilities, Weirdness & Mutations

You cannot wear most types of armour.
You are very stealthy in the water. (Stealth+)
You are amphibious.
You can wear up to eight rings at the same time.
You can use your tentacles to constrict eight enemies at once.
Your skin changes colour to match your surroundings (Stealth+).
Your rubbery body absorbs attacks. (AC +1, EV +1)


Message History

A sky beast comes into view.
Found a stone staircase leading up.
There is an open door here.
The sky beast flickers out of sight!
Deactivating autopickup; reactivate with Ctrl-A.
No target in view!
Something barely misses you.
You hit something but do no damage. Your squeeze misses something.
Something hits you. Something shocks you.
You hit something. Something hits you but does no damage.
You hit something but do no damage. Something hits you. Something shocks you.
You hit something. Your squeeze misses something. You hit something.
Something hits you.
* * * LOW HITPOINT WARNING * * *
Something shocks you.
* * * LOW HITPOINT WARNING * * *
You hit something. Something hits you.
* * * LOW HITPOINT WARNING * * *
Something shocks you.
You die...

..≈≈≈≈≈≈##### ####≈≈≈≈≈≈≈≈
..≈≈≈#### ###≈≈≈≈≈≈ ..≈## #####
###≈≈≈≈ #...# #.... #...#
#########.### #...# #......##.# #
#...# #......##.# # # ###.{.#
#......##.### #. #.#.@.#
#............ #####.## #....<#
###.......... ........ ###'#####
#.......... ........###.......#
#.......... .. ....#.........#
#.......... .# #..........#
#..........
.#######..........#####..........
..........#......................
..........#######.#####'#####'###


There were no monsters in sight!

Vanquished Creatures
  An adder (D:2)
  A worm (D:2)
  2 dart slugs (D:1)
  3 leopard geckos (D:1)
  5 bats (D:1)
  A giant cockroach (D:1)
  3 goblins
  5 hobgoblins
  3 jackals (D:1)
  9 kobolds
  2 quokkas (D:2)
  2 ball pythons
  6 rats
43 creatures vanquished.

Notes
Turn   | Place    | Note
-------+----------+-------------------------------------------
     0 | D:1      | troglodite the Octopode Assassin began the quest for the
                  | Orb.
     0 | D:1      | Reached XP level 1. HP: 14/14 MP: 1/1
    66 | D:1      | Reached XP level 2. HP: 3/19 MP: 2/2
   592 | D:1      | Reached XP level 3. HP: 25/25 MP: 4/4
   616 | D:1      | Reached skill level 6 in Stealth
  1545 | D:2      | Reached skill level 1 in Spellcasting
  1545 | D:2      | Reached XP level 4. HP: 16/30 MP: 5/5
  1838 | D:2      | Noticed a sky beast
  1852 | D:2      | HP: 1/30 [something (2)]
  1852 | D:2      | Slain by a sky beast

Skill      XL: |  1  2  3 |
---------------+----------+-----
Stealth        | 6 |  6.7
Spellcasting   | 1 |  1.0
Fighting       | |  2.4
Short Blades   | |  2.1
Throwing       | |  2.1
Dodging        | |  1.1

Action                   |  1- 3 |  4- 6 || total
-------------------------+-------+-------++-------
Melee: Dagger            |    76 |    13 ||    89
       Constrict         |    20 |     1 ||    21
       Tentacles         |    11 |       ||    11
 Stab: Sleeping          |    10 |     2 ||    12
  Eat: Chunk             |     2 |     1 ||     3
Armor: Skin              |    17 |     1 ||    18
Dodge: Dodged            |    51 |     4 ||    55
